 Dungeon Crawl Stone Soup version 0.23.2-1-ga50397a6bc (webtiles) character file.

Game seed: 10219655042774751406

695 Kobolds4U the Skirmisher (level 7, 0/64 HPs)
             Began as a Minotaur Fighter on Apr 18, 2019.
             Slain by Duvessa
             ... wielding a +2 short sword of electrocution
              (7 damage)
             ... on level 4 of the Dungeon.
             The game lasted 00:09:57 (3107 turns).

Kobolds4U the Skirmisher (Minotaur Fighter)         Turns: 3107, Time: 00:09:57

Health: 0/64       AC:  7    Str: 21    XL:     7   Next: 37%
Magic:  6/6        EV:  9    Int:  6    God:
Gold:   138        SH:  0    Dex: 10    Spells: 6/6 levels left

rFire    + . .     SeeInvis .   w - +0 flail (crush)
rCold    + . .     Gourm    .   (no shield)
rNeg     . . .     Faith    .   b - +0 scale mail
rPois    .         Spirit   .   (helmet restricted)
rElec    .         Reflect  .   j - scarf {rC+ rF+}
rCorr    .         Harm     .   (no gloves)
MR       .....                  (no boots)
Stlth    ..........             (no amulet)
HPRegen  0.20/turn              (no ring)
MPRegen  0.10/turn              (no ring)

@: no status effects
A: retaliatory headbutt, horns 2
a: no special abilities


You were on level 4 of the Dungeon.
You were not hungry.

You visited 1 branch of the dungeon, and saw 5 of its levels.

You collected 138 gold pieces.

Inventory:

Hand Weapons
 a - a +0 war axe
 e - a +2 whip of venom
 w - a +0 flail of crushing (weapon)
Armour
 b - a +0 scale mail (worn)
 j - a scarf of resistance (worn)
Jewellery
 p - an uncursed ring of ice
Scrolls
 c - 3 scrolls of remove curse {unknown}
 h - 2 scrolls of amnesia {unknown}
 i - 2 scrolls of teleportation {unknown}
 k - 3 scrolls of fog {unknown}
 l - a scroll of magic mapping {unknown}
 o - a scroll of immolation {unknown}
 q - a scroll of enchant armour {unknown}
 t - 2 scrolls of identify {unknown}
 v - a scroll of random uselessness {unknown}
Potions
 d - a potion of might
 m - 2 potions of curing {unknown}
 n - 2 potions of brilliance {unknown}
 r - a potion of flight {unknown}
 s - a potion of haste {unknown}
 u - a potion of agility {unknown}
Comestibles
 f - 18 rations


   Skills:
 * Level 6.7 Fighting
 + Level 6.4 Axes
 + Level 6.1 Armour
   Level 3.8 Shields


You had 6 spell levels left.
You didn't know any spells.
Your spell library was empty.

Dungeon Overview and Level Annotations

Branches:
Dungeon (5/15)
 Temple: D:4-7

Altars:
Dithmenos
Fedhas
Sif Muna

Annotations:
D:4 Duvessa


Innate Abilities, Weirdness & Mutations

You reflexively headbutt those who attack you in melee.
You have a pair of horns on your head.


Message History

Duvessa splashes around in the water.
You hit Duvessa. You headbutt Duvessa.
Duvessa is moderately wounded.
Duvessa barely misses you. You furiously retaliate!
You headbutt Duvessa, but do no damage.
Duvessa hits you with a +2 short sword of electrocution.
You are electrocuted!!
You sock Duvessa!
Duvessa is severely wounded.
Duvessa hits you with a +2 short sword of electrocution. x2
You are electrocuted!
* * * LOW HITPOINT WARNING * * *
You barely miss Duvessa. Your headbutt misses Duvessa.
Duvessa is severely wounded.
Duvessa hits you with a +2 short sword of electrocution!
* * * LOW HITPOINT WARNING * * *
Duvessa hits you with a +2 short sword of electrocution.
* * * LOW HITPOINT WARNING * * *
Duvessa hits you with a +2 short sword of electrocution!
You die...

.###....# #≈≈≈≈≈≈≈#
.#...♣♣.## #≈≈...≈≈#
#..♣♣♣♣♣.#
###≈≈._.≈≈# .#.♣ ♣.#
##.#≈≈...≈≈# ...♣
♣.# #..#≈≈≈.≈≈≈#
...♣ ♣.# ##.##≈≈)≈≈#
e#.♣♣ ♣.####..# #'#
....♣♣♣♣.......###.#
.........####...@e.#
.....##### #)######
..#### #.# §.# #.#
..# #.# ..#########
#.# ..........# #.#
......###.# #.#
......###.###.#


You could see Duvessa (berserk).

Vanquished Creatures
  Edmund (D:4)
  A centaur (D:3)
  Dowan (D:4)
  A bullfrog zombie (D:5)
  2 orc priests (D:3)
  A bullfrog skeleton (D:5)
  A centaur skeleton (D:4)
  An orc wizard (D:3)
  3 worker ants (D:4)
  A gnoll (D:3)
  8 adders
  3 oozes
  An adder skeleton (D:4)
  2 worms (D:2)
  5 dart slugs
  A leopard gecko (D:2)
  8 orcs (D:3)
  13 giant cockroaches
  6 goblins
  8 hobgoblins
  3 jackals (D:3)
  A quokka (D:2)
  A ball python (D:2)
  13 bats
  3 frilled lizards
  12 kobolds
  5 rats
106 creatures vanquished.

Notes
Turn   | Place    | Note
-------+----------+-------------------------------------------
     0 | D:1      | Kobolds4U the Minotaur Fighter began the quest for the Orb.
     0 | D:1      | Reached XP level 1. HP: 19/19 MP: 0/0
    59 | D:1      | Reached XP level 2. HP: 23/27 MP: 1/1
   214 | D:1      | Reached XP level 3. HP: 28/33 MP: 2/2
   513 | D:2      | Found a blossoming altar of Fedhas.
   760 | D:2      | Reached XP level 4. HP: 41/41 MP: 3/3
  1241 | D:3      | Reached XP level 5. HP: 29/47 MP: 4/4
  1516 | D:3      | Reached skill level 5 in Axes
  1547 | D:3      | Reached skill level 5 in Fighting
  1549 | D:3      | Reached skill level 5 in Armour
  1790 | D:3      | Found a shadowy altar of Dithmenos.
  1885 | D:3      | Noticed a centaur
  1892 | D:3      | Killed a centaur
  1892 | D:3      | Reached XP level 6. HP: 39/56 MP: 5/5
  2307 | D:4      | You fall through a shaft!
  2307 | D:5      | Entered Level 5 of the Dungeon
  2512 | D:4      | Noticed Dowan
  2789 | D:4      | Noticed Edmund
  2804 | D:4      | Killed Edmund
  2804 | D:4      | Reached XP level 7. HP: 44/64 MP: 6/6
  3063 | D:4      | Found a deep blue altar of Sif Muna.
  3089 | D:4      | Noticed Duvessa
  3100 | D:4      | Killed Dowan
  3107 | D:4      | Slain by Duvessa

Skill      XL: |  1  2  3  4  5  6  7 |
---------------+----------------------+-----
Fighting       | 4 5 6 |  6.7
Axes           | 3 4 5 6 |  6.4
Armour         | 4 5 6 |  6.1
Shields        | |  3.8

Action                   |  1- 3 |  4- 6 |  7- 9 || total
-------------------------+-------+-------+-------++-------
Melee: War axe           |    14 |       |       ||    14
       Headbutt          |    19 |    37 |     5 ||    61
       Whip              |    65 |   150 |       ||   215
       Flail             |       |       |    16 ||    16
  Eat: Chunk             |       |     6 |     1 ||     7
Armor: Scale mail        |    58 |    56 |     8 ||   122
Dodge: Dodged            |    52 |    59 |     6 ||   117
Block: Shield            |    12 |       |       ||    12
